 Dungeon Crawl Stone Soup version 0.28-a0-819-g6ef7baa362 (webtiles) character file.

Game seed: 6273555517030503352

48 Randoe the Skirmisher (level 3, 0/30 HPs)
             Began as a Merfolk Fighter on Nov 8, 2021.
             Succumbed to an adder's poison
             ... on level 2 of the Dungeon.
             The game lasted 00:04:53 (1094 turns).

Randoe the Skirmisher (Merfolk Fighter)             Turns: 1094, Time: 00:04:53

Health: 0/30       AC:  6    Str: 16    XL:     3   Next: 72%
Magic:  3/3        EV:  9    Int:  7    God:
Gold:   67         SH:  5    Dex: 14    Spells: 2/2 levels left

rFire   . . .      SeeInvis .   a - +0 trident
rCold   . . .      Faith    .   c - +0 buckler
rNeg    . . .      Spirit   .   b - +0 scale mail
rPois   .          Reflect  .   (no helmet)
rElec   .          Harm     .   (no cloak)
rCorr   .          Rampage  .   (no gloves)
Will    .....                   (no boots)
Stlth   ..........              (no amulet)
HPRegen 0.10/turn               (no ring)
MPRegen 0.08/turn               (no ring)

@: lethally poisoned (0 -> -2)
A: (nimble swimmer 2), mertail
a: no special abilities


You were on level 2 of the Dungeon.
You visited 1 branch of the dungeon, and saw 2 of its levels.

You collected 67 gold pieces.

Inventory:

Hand Weapons
 a - a +0 trident (weapon)
 h - a +1 dagger of venom
Missiles
 f - 14 arrows
 g - 2 stones (quivered)
 i - 5 bolts
Armour
 b - a +0 scale mail (worn)
 c - a +0 buckler (worn)
 e - a +0 kite shield
Potions
 d - a potion of might


   Skills:
 + Level 3.8 Fighting
 + Level 3.6 Polearms
 + Level 2.5 Armour
 * Level 0.5 Dodging
 * Level 0.8 Stealth
 + Level 3.3 Shields


You had 2 spell levels left.
You didn't know any spells.
Your spell library contained the following spells:

 Spells                   Type           Power      Damage    Failure   Level
 Dazzling Flash           Conj/Hex       0%         N/A       99%         3
 Iskenderun's Mystic Bla  Conj/Tloc      0%         2d3       100%        4
 Starburst                Conj/Fire      0%         6d3       100%        6


Dungeon Overview and Level Annotations

Branches:
Dungeon (2/15)

Altars:


Innate Abilities, Weirdness & Mutations

((You are quick and stealthy near water. (Stealth+, EV+, Speed+++)))
Your lower body shifts to a powerful aquatic tail in water.


Message History

The endoplasm freezes you.
You are frozen.
The adder bites you.
You are poisoned.
The adder poisons you!
You barely miss the endoplasm.
You feel sick. The endoplasm closely misses you.
The adder bites you but does no damage.
You hit the endoplasm.
The endoplasm is moderately wounded.
You feel sick. You block the adder's attack. The endoplasm closely misses you.
The adder completely misses you. The endoplasm misses you.
You hit the endoplasm but do no damage.
The endoplasm is moderately wounded.
You feel sick. You block the adder's attack.
The endoplasm jiggles.
The endoplasm freezes you.
You are frozen.
* * * LOW HITPOINT WARNING * * *
You puncture the endoplasm!
You kill the endoplasm!
You feel sick. The adder bites you.
* * * LOW HITPOINT WARNING * * *
You are lethally poisoned!
The adder poisons you! You block the adder's attack.
* * * LOW HITPOINT WARNING * * *
You feel sick.
Things that are here:
a +0 club; an adder corpse You hit the adder.
The adder is almost dead.
* * * LOW HITPOINT WARNING * * *
You feel sick. The adder barely misses you.
You hit the adder.
You kill the adder!
* * * LOW HITPOINT WARNING * * *
You feel sick.
* * * LOW HITPOINT WARNING * * *
You feel sick.
Things that are here:
an adder corpse; a bat corpse You die...

## #.. #.##########
#....#.....#
####..........###
#................
#.##.............
####.##....#......#
#...........@#
#.##.##.####†#
#.##.# #)#
#.)#.#.......#
##.#.#.......#
#.###.#.#.......#
#.....<<#.......#
#####.###.......#
#.# #.......#


There were no monsters in sight!

Vanquished Creatures
  2 adders (D:2)
  2 ball pythons
  4 endoplasms
  2 giant cockroaches (D:1)
  6 goblins
  3 hobgoblins (D:1)
  3 bats
  A frilled lizard (D:1)
  4 kobolds
27 creatures vanquished.

Notes
Turn   | Place    | Note
-------+----------+-------------------------------------------
     0 | D:1      | Randoe the Merfolk Fighter began the quest for the Orb.
     0 | D:1      | Reached XP level 1. HP: 18/18 MP: 1/1
   160 | D:1      | Reached XP level 2. HP: 22/24 MP: 2/2
   984 | D:2      | Reached XP level 3. HP: 22/30 MP: 3/3
  1093 | D:2      | HP: 1/30 [poisoned by an adder]
  1094 | D:2      | Succumbed to an adder's poison

Illustrated notes

Levels and vault maps discovered:
D:1:      minmay_arrival_diagonal_passages, layout_basic, lemuel_another_geyser
D:2:      layout_loops_cross, uniq_sigmund, uniq_crazy_yiuf_cottage

Action                   || total
-------------------------++-------
Melee: Trident           ||    84
       Tailslap          ||     2
  Use: Scroll            ||     1
Armor: Scale mail        ||    43
Dodge: Dodged            ||    34
Block: Buckler           ||    20

Table legend: (Time is in decaauts)
 A = Elapsed time spent in this place.
 B = Non-inter-level travel time spent in this place.
 C = Inter-level travel time spent in this place.
 D = Time resting spent in this place.
 E = Time spent auto-exploring this place.
 F = Levels seen in this place.
 G = Mean time per level.
                   A        B        C        D        E       F      G
               +--------+--------+--------+--------+--------+-----+--------+
         Total |   1098 |   1060 |     38 |    279 |    561 |   2 |  549.0 |
       Dungeon |   1098 |   1060 |     38 |    279 |    561 |   2 |  549.0 |
               +--------+--------+--------+--------+--------+-----+--------+

Top non-repeatable levels by time:
     D:1: 970 daAuts
     D:2: 128 daAuts
